 Dungeon Sprint DCSS version 0.28.0-49-g6dfe1f597d (webtiles) character file.

Game seed: 8686013289597807709

585 Revguard the Basher (level 7, -11/75 HPs)
             Began as a Troll Berserker on May 12, 2022.
             Was a Priest of Trog.
             Mangled by a boulder beetle (27 damage)
             ... in the Dungeon (Sprint II: "The Violet Keep of Menkaure").
             The game lasted 00:02:03 (296 turns).

Revguard the Basher (Troll Berserker)                Turns: 296, Time: 00:02:04

Health: -11/75     AC:  4    Str: 26    XL:     7   Next: 14%
Magic:  6/6        EV: 11    Int:  3    God:    Trog [***...]
Gold:   486        SH:  0    Dex: 11    Spells: 6/6 levels left

rFire   . . .      SeeInvis .   a - +0 mace
rCold   . . .      Faith    .   (no shield)
rNeg    . . .      Spirit   .   b - +0 animal skin
rPois   .          Reflect  .   (helmet restricted)
rElec   .          Harm     .   (no cloak)
rCorr   .          Rampage  .   (gloves unavailable)
Will    ++...      NoTele   +   (boots unavailable)
Stlth   +.........              (no amulet)
HPRegen 2.02/turn               (no ring)
MPRegen 0.10/turn               (no ring)

@: strong-willed (expiring), on berserk cooldown, regenerating (expiring),
slowed, very slow
A: large, unfitting armour, claws 3, regeneration 1, shaggy fur 1, tough skin 1
a: Renounce Religion, Berserk, Trog's Hand


You were in the Dungeon.
You worshipped Trog.
Trog was most pleased with you.
You visited 1 branch You collected 486 gold pieces.

Inventory:

Hand Weapons
 a - a +0 mace (weapon)
Armour
 b - a +0 animal skin (worn)
Scrolls
 h - a scroll of blinking
Potions
 c - a potion of curing
 d - a potion of heal wounds
 e - a potion of haste
 f - 2 potions of magic
 g - a potion of berserk rage


   Skills:
 + Level 6.3 Fighting
 * Level 9.4 Maces & Flails
 + Level 5.6 Armour
 + Level 6.3 Dodging


You had 6 spell levels left.
You didn't know any spells.
Your spell library was empty.

Dungeon Overview and Level Annotations

Branches:
Dungeon (1/1)

Altars:


Innate Abilities, Weirdness & Mutations

You are too large for most types of armour.
You have claws for hands.
Your natural rate of healing is unusually fast.
You are covered in fur. (AC +1)
You have tough skin. (AC +1)


Message History

The boulder beetle closely misses you.
You hit the boulder beetle but do no damage.
The boulder beetle is lightly wounded.
You hit the boulder beetle but do no damage.
The boulder beetle is lightly wounded.
The boulder beetle bites you!!
You barely miss the boulder beetle.
The boulder beetle is lightly wounded.
You hit the boulder beetle but do no damage.
The boulder beetle is lightly wounded.
The boulder beetle bites you!!
You barely miss the boulder beetle.
The boulder beetle is lightly wounded.
The boulder beetle bites you!!
You hit the boulder beetle but do no damage.
The boulder beetle is lightly wounded.
You hit the boulder beetle.
The boulder beetle is lightly wounded.
The boulder beetle bites you but does no damage.
You thump the boulder beetle!
The boulder beetle is heavily wounded.
The boulder beetle bites you!!
* * * LOW HITPOINT WARNING * * *
You thump the boulder beetle!
The boulder beetle is heavily wounded.
You hit the boulder beetle but do no damage.
The boulder beetle is heavily wounded.
The boulder beetle bites you!
* * * LOW HITPOINT WARNING * * *
The boulder beetle waves its antennae.
You are no longer berserk.
You are exhausted.
You feel yourself slow down.
You feel the effects of Trog's Hand fading.
There is an open door here.
Blink to where?
Press: ? - help, Dir - move target
Okay, then.
The boulder beetle bites you!!
You die...

#+# ###.###
#@.#..#
####B#.## #
##.###B## .##
#...##.##$..#
+##รทรท.<.'#
#...##.##B..#
##.###+# .##
## #


You could see 2 boulder beetles.

Vanquished Creatures
  4 necrophages (D)
  4 scorpions (D)
8 creatures vanquished.

Vanquished Creatures (others)
  A water moccasin (D)
1 creature vanquished.

Grand Total: 9 creatures vanquished

Notes
Turn   | Place    | Note
-------+----------+-------------------------------------------
     0 | D        | Revguard the Troll Berserker began the quest for the Orb.
     0 | D        | Reached XP level 1. HP: 22/22 MP: 0/0
     1 | D        | Noticed a scorpion
     1 | D        | Noticed a scorpion
     1 | D        | Noticed a scorpion
     1 | D        | Noticed a scorpion
    10 | D        | Killed a scorpion
    11 | D        | Reached skill level 5 in Maces & Flails
    11 | D        | Reached XP level 2. HP: 31/31 MP: 1/1
    11 | D        | Reached XP level 3. HP: 37/37 MP: 2/2
    14 | D        | Killed a scorpion
    15 | D        | Reached skill level 6 in Maces & Flails
    15 | D        | Reached XP level 4. HP: 48/48 MP: 3/3
    17 | D        | Killed a scorpion
    17 | D        | Reached ** piety under Trog
    18 | D        | Reached XP level 5. HP: 55/55 MP: 4/4
    21 | D        | Reached skill level 5 in Fighting
    21 | D        | Reached skill level 7 in Maces & Flails
    21 | D        | Reached skill level 5 in Dodging
    29 | D        | Killed a water moccasin
    62 | D        | Noticed a necrophage
    62 | D        | Noticed a necrophage
    62 | D        | Noticed a necrophage
    62 | D        | Noticed a necrophage
    66 | D        | Killed a necrophage
    67 | D        | Reached skill level 8 in Maces & Flails
    67 | D        | Reached XP level 6. HP: 66/66 MP: 5/5
    76 | D        | Reached skill level 5 in Armour
    89 | D        | Reached *** piety under Trog
    90 | D        | Reached skill level 9 in Maces & Flails
    97 | D        | Reached XP level 7. HP: 61/75 MP: 6/6
   111 | D        | Noticed a boulder beetle
   111 | D        | Noticed a boulder beetle
   296 | D        | Mangled by a boulder beetle

Illustrated notes

Levels and vault maps discovered:
D:        the_violet_keep_of_menkaure [sprint2_stairs_cluster_1,
          sprint2_shoproom, sprint2_temple, sprint2_basic_supplies,
          sprint2_obstacle_6, sprint2_obstacle_3, sprint2_obstacle_5,
          sprint2_obstacle_1, sprint2_obstacle_4, sprint2_timed_cluster_1,
          sprint2_smallroom_cluster_1, sprint2_smallroom_final_cluster_1,
          sprint2_transparent_cluster_1, sprint2_second_timed_cluster_1,
          sprint2_sniper_area_1, sprint2_heavy_combat_area_1,
          sprint2_mutation_trap_area_1, sprint2_forest_area_1,
          sprint2_light_combat_area_1, sprint2_behind_water_1,
          sprint2_near_end_vault_1]

Skill      XL: |  1  2  3  4  5  6 |
---------------+-------------------+-----
Fighting       | 3 4 5 6 |  6.3
Maces & Flails | 5 6 8 9 |  9.4
Armour         | 2 3 4 5 |  5.6
Dodging        | 3 4 5 6 |  6.3

Action                   |  1- 3 |  4- 6 |  7- 9 || total
-------------------------+-------+-------+-------++-------
Melee: Mace              |    11 |    36 |    27 ||    74
       Punch             |       |     1 |       ||     1
Invok: Berserk           |     1 |     1 |     2 ||     4
       Trog's Hand       |       |     1 |     2 ||     3
Armor: Animal skin       |     3 |     7 |     2 ||    12
Dodge: Dodged            |     6 |    24 |     3 ||    33
